 Dungeon Crawl Stone Soup version 0.30-a0-777-ga9a30cbeda (webtiles) character file.

Game seed: 11737322090520356179

24 mopl the Sneak (level 2, 0/20 HPs)
             Began as a Draconian Enchanter on Feb 13, 2023.
             Slain by an adder (4 damage)
             ... on level 2 of the Dungeon.
             The game lasted 00:01:12 (1007 turns).

mopl the Sneak (Draconian Enchanter)                Turns: 1007, Time: 00:01:13

Health: 0/20       AC:  4    Str: 10    XL:     2   Next: 79%
Magic:  1/5        EV: 22    Int: 15    God:
Gold:   30         SH:  0    Dex: 11    Spells: 3/5 levels left

rFire   . . .      SeeInvis .    a - +1 dagger
rCold   . . .      Faith    .    (no shield)
rNeg    . . .      Spirit   .    (body armour unavailable)
rPois   .          Reflect  .    (helmet restricted)
rElec   .          Harm     .    (no cloak)
rCorr   .          Rampage  .    (no gloves)
Will    .....                    (no boots)
Stlth   ++                       (no amulet)
HPRegen 0.23/turn                d - +5 ring of evasion
MPRegen 0.09/turn                e - +5 ring of evasion

@: lethally poisoned (0 -> -2)
A: AC +4, unfitting armour, cold-blooded
a: no special abilities


You were on level 2 of the Dungeon.
You visited 1 branch of the dungeon, and saw 2 of its levels.

You collected 30 gold pieces.

Inventory:

Hand Weapons
 a - a +1 dagger (weapon)
Jewellery
 d - a +5 ring of evasion (left hand)
 e - a +5 ring of evasion (right hand)
 g - a ring of poison resistance
 j - a +6 ring of dexterity
Scrolls
 f - a scroll of enchant weapon {unknown}
 h - a scroll of poison {unknown}
 i - a scroll of teleportation {unknown}
Potions
 b - 2 potions of invisibility
 c - 2 potions of heal wounds {unknown}


   Skills:
 - Level 1.0 Short Blades
 - Level 1.7 Dodging
 + Level 3.1 Stealth
 + Level 2.4 Spellcasting
 + Level 3.1 Hexes


You had 3 spell levels left.
You knew the following spells:

 Your Spells              Type           Power      Damage    Failure   Level
b - Ensorcelled Hibernat  Hex/Ice        12%        N/A       17%         2

Your spell library contained the following spells:

 Spells                   Type           Power      Damage    Failure   Level
 Confusing Touch          Hex            11%        N/A       19%         3
 Tukima's Dance           Hex            11%        N/A       19%         3
 Dazzling Flash           Conj/Hex       12%        N/A       34%         3
 Iskenderun's Mystic Bla  Conj/Tloc      1%         2d3       91%         4
 Starburst                Conj/Fire      0%         6d3       100%        6


Dungeon Overview and Level Annotations

Branches:
Dungeon (2/15)

Altars:

Shops:
D:1 *


Innate Abilities, Weirdness & Mutations

Your plain brown scales are hard. (AC +4)
You cannot fit into any form of body armour.
You are cold-blooded and may be slowed by cold attacks.


Message History

You see here 10 gold pieces.
A bat comes into view.
Found a spear.
The bat hits you.
You barely miss the bat.
The adder hisses angrily.
The bat barely misses you. The adder bites you.
You are poisoned.
The adder poisons you!
You hit the adder.
Your tail-slap misses the adder.
The adder is lightly wounded.
You feel sick. The bat misses you. The adder bites you.
You are more poisoned.
The adder poisons you!
You barely miss the adder.
The adder is lightly wounded.
You feel sick. The adder bites you.
You are too injured to fight recklessly!
Casting: Ensorcelled Hibernation (safe; 17% risk of failure)
Confirm with . or Enter, or press ? or * to list all spells.
Aiming: Ensorcelled Hibernation (safe; 17% risk of failure)
Press: ? - help, Shift-Dir - straight line, f - adder
Aim: an adder (lightly wounded, chance to affect: 49%)
The adder resists with some effort.
* * * LOW HITPOINT WARNING * * *
You feel sick. The bat barely misses you. The adder closely misses you.
Unknown command.
Casting: Ensorcelled Hibernation (safe; 17% risk of failure)
Confirm with . or Enter, or press ? or * to list all spells.
Aiming: Ensorcelled Hibernation (safe; 17% risk of failure)
Press: ? - help, Shift-Dir - straight line, f/p - adder
Aim: an adder (lightly wounded, chance to affect: 49%)
The adder looks drowsy...
You feel sick. The bat closely misses you. The bat completely misses you.
The helpless adder fails to defend itself.
You puncture the adder!
The adder is almost dead.
You feel sick. The bat closely misses you. The adder misses you.
The adder bites you.
You die...

...............
#..#.<.......
#...........
###...^.....
#.........
###$.#..?..
#######...#..####
#...........##
#......@#####
.......S#
....b...#
#.......#
#........
.........
#.......)
##.####...


You could see an adder and a bat.

Vanquished Creatures
  A dart slug (D:1)
  4 endoplasms (D:1)
  2 goblins (D:1)
  4 kobolds (D:1)
  3 ball pythons (D:1)
  4 bats (D:1)
  3 frilled lizards (D:1)
  A rat (D:1)
22 creatures vanquished.

Notes
Turn   | Place    | Note
-------+----------+-------------------------------------------
     0 | D:1      | mopl the Draconian Enchanter began the quest for the Orb.
     0 | D:1      | Reached XP level 1. HP: 14/14 MP: 3/3
   110 | D:1      | Reached XP level 2. HP: 8/20 MP: 5/5
   119 | D:1      | Learned a level 2 spell: Ensorcelled Hibernation
   221 | D:1      | Reached skill level 3 in Stealth
   307 | D:1      | Found Junat's Assorted Antiques.
   313 | D:1      | Reached skill level 3 in Hexes
  1007 | D:2      | Slain by an adder

Illustrated notes

Levels and vault maps discovered:
D:1:      psy_arrival_terrarium, layout_basic, serial_shops,
          nicolae_diamond_shop
D:2:      layout_rooms, basic_altar, uniq_terence, uniq_robin

Skill      XL: |  1  2 |
---------------+-------+-----
Stealth        | 3 |  3.1
Hexes          | 3 |  3.1
Short Blades   | |  1.0
Dodging        | |  1.7
Spellcasting   | |  2.4

Action                     || total
---------------------------++-------
  Melee: Dagger            ||    87
         Tailslap          ||     7
         Punch             ||     2
   Cast: Ensorcelled Hiber ||     2
   Stab: Sleeping          ||     4
 Armour: Skin              ||    12
  Dodge: Dodged            ||    73

Table legend: (Time is in decaauts)
 A = Elapsed time spent in this place.
 B = Non-inter-level travel time spent in this place.
 C = Inter-level travel time spent in this place.
 D = Time resting spent in this place.
 E = Time spent auto-exploring this place.
 F = Levels seen in this place.
 G = Mean time per level.
                   A        B        C        D        E       F      G
               +--------+--------+--------+--------+--------+-----+--------+
         Total |   1001 |    948 |     53 |     44 |    745 |   2 |  500.5 |
       Dungeon |   1001 |    948 |     53 |     44 |    745 |   2 |  500.5 |
               +--------+--------+--------+--------+--------+-----+--------+

Top non-repeatable levels by time:
     D:1: 989 daAuts
     D:2: 12 daAuts
